 Dungeon Crawl Stone Soup version 0.31-a0-267-g3fc6992b3b (webtiles) character file.

Game seed: 4808090037664290821

345 qw the Shooter (level 6, -1/52 HPs)
             Began as a Minotaur Hexslinger on July 14, 2023.
             Slain by a phantom (3 damage)
             ... on level 5 of the Dungeon.
             The game lasted 00:01:34 (4180 turns).

qw the Shooter (Minotaur Hexslinger)                Turns: 4180, Time: 00:01:34

Health: -1/52      AC:  6    Str: 13    XL:     6   Next: 32%
Magic:  6/6        EV: 11    Int: 10    God:
Gold:   177        SH:  0    Dex: 14    Spells: 6/7 levels left

rFire   . . .        Y - +2 sling
rCold   . . .        (no shield)
rNeg    . . .        f - +0 ring mail
rPois   .            (helmet restricted)
rElec   .            a - +0 cloak
rCorr   .            (no gloves)
SInv    .            (no boots)
Will    .....        (no amulet)
Stlth   +            (no ring)
HPRegen 0.28/turn    (no ring)
MPRegen 0.10/turn

%: no passive effects
@: no status effects
A: horns 2, retaliatory headbutt
a: no special abilities


You were on level 5 of the Dungeon.
You visited 1 branch of the dungeon, and saw 5 of its levels.

You collected 243 gold pieces.
You spent 66 gold pieces at shops.


Innate Abilities, Weirdness & Mutations

You have a pair of horns on your head.
You reflexively headbutt those who attack you in melee.


   Skills:
 - Level 4.0 Fighting
 + Level 6.4 Ranged Weapons
 - Level 1.0 Armour
 - Level 2.1 Dodging
 - Level 1.0 Spellcasting
 - Level 2.0 Hexes


You had 6 spell levels left.
You knew the following spells:

 Your Spells              Type           Power      Damage    Failure   Level
a - Slow                  Hex            16%        N/A       32%         1

Your spell library contained the following spells:

 Spells                   Type           Power      Damage    Failure   Level
 Inner Flame              Hex/Fire       2%         N/A       82%         3
 Portal Projectile        Hex/Tloc       4%         N/A       82%         3
 Cause Fear               Hex            2%         N/A       97%         4

Inventory:

Hand Weapons
 Y - a +2 sling (weapon)
Armour
 a - a +0 cloak (worn)
 f - a +0 ring mail (worn)
Scrolls
 c - a scroll of identify
Potions
 d - a potion of might
 e - 2 potions of enlightenment
 g - 3 potions of curing
 h - a potion of resistance
 j - a potion of attraction {unknown}

Dungeon Overview and Level Annotations

Branches:
Dungeon (5/15)
 Temple: D:4-7

Altars:
Ashenzari

Shops:
D:2 *

Annotations:
D:4 exclusion: gnoll


Message History

The iguana is almost dead.
The iguana bites you but does no damage.
The iguana bites you.
You shoot a sling bullet. The sling bullet hits the iguana.
You kill the iguana!
The hound stops to sniff the ground.
The hound bites you.
Your Fighting skill increases to level 4!
You shoot a sling bullet.
The sling bullet closely misses the hound.
The hound bites you. x2
You shoot a sling bullet.
The sling bullet closely misses the hound.
The hound barely misses you. You furiously retaliate!
You headbutt the hound! The hound bites you but does no damage.
You shoot a sling bullet.
The sling bullet barely misses the hound.
The hound bites you but does no damage.
You shoot a sling bullet.
The sling bullet closely misses the hound.
The hound closely misses you. You furiously retaliate!
You headbutt the hound!
You kill the hound!
The gnoll hits you with a +0 whip.
You shoot a sling bullet. The sling bullet hits the gnoll!
You kill the gnoll!
You shoot a sling bullet.
The sling bullet closely misses the phantom.
The phantom hits you but does no damage.
You shoot a sling bullet.
The sling bullet closely misses the phantom.
The phantom hits you.
The phantom blinks!
You blink.
Found 30 gold pieces and 2 scrolls of identify.
Found a stone staircase leading down.
You shoot a sling bullet.
The sling bullet hits the phantom but does no damage.
The phantom hits you but does no damage.
You shoot a sling bullet. The sling bullet hits the phantom!
The phantom is moderately damaged.
The phantom hits you.
You die...

.. .# .#
.###### ......$
########.......
...............
#$.@....... .
#.W....?... #
#.)........
?...........
...##....>###
###. ......#
#### # #.#(...
....## ..#)####
....^. #)!##
###...


You could see a phantom.

Vanquished Creatures
  An orc priest (D:3)
  A hound (D:5)
  Jessica (D:2)
  2 iguanas (D:5)
  7 gnolls
  4 adders
  A river rat (D:4)
  A shadow imp (D:5)
  2 worms (D:3)
  A dart slug (D:4)
  6 orcs
  2 ball pythons (D:1)
  6 bats
  5 endoplasms
  4 giant cockroaches
  12 goblins
  8 hobgoblins
  6 kobolds
  7 quokkas
  2 frilled lizards (D:3)
  4 rats
83 creatures vanquished.

Notes
Turn   | Place    | Note
-------+----------+-------------------------------------------
     0 | D:1      | qw the Minotaur Hexslinger began the quest for the Orb.
     0 | D:1      | Reached XP level 1. HP: 16/16 MP: 1/1
     0 | D:1      | 0 ||| qw: Version: 0.3-a-52-g30416fa
     0 | D:1      | 0 ||| qw: Game counter: 7869
     0 | D:1      | 0 ||| qw: Melee chars always use a shield: true
     0 | D:1      | 0 ||| qw: God list: Okawaru
     0 | D:1      | 0 ||| qw: Allow faded altars: false
     0 | D:1      | 0 ||| qw: Do Orc after clearing Dungeon:15 true
     0 | D:1      | 0 ||| qw: Do second Lair branch before Depths: true
     0 | D:1      | 0 ||| qw: Lair rune preference: random
     0 | D:1      | 0 ||| qw: Goals: Normal
     0 | D:1      | 0 ||| PLANNING D:1-11
   362 | D:1      | Reached skill level 3 in Ranged Weapons
   362 | D:1      | Reached XP level 2. HP: 23/23 MP: 2/2
   924 | D:1      | Found a faded altar of an unknown god.
   968 | D:1      | 968 ||| UPGRADING to +0 ring mail.
   978 | D:1      | 978 ||| DROPPING +0 robe.
   979 | D:1      | 979 ||| READING scroll labelled COITIE OTEAROGH.
   980 | D:1      | 980 ||| READING scroll labelled SEOXOHOOGH.
   981 | D:1      | 981 ||| DROPPING scroll of poison.
  1005 | D:2      | Noticed Jessica
  1012 | D:2      | 1012 ||| FLEEEEING.
  1013 | D:2      | 1013 ||| STAIRDANCE
  1039 | D:2      | Killed Jessica
  1040 | D:2      | Reached skill level 4 in Ranged Weapons
  1040 | D:2      | Reached XP level 3. HP: 29/29 MP: 3/3
  1082 | D:2      | Found a broken altar of Ashenzari.
  1206 | D:2      | Reached skill level 1 in Armour
  1417 | D:2      | Found Jadicau's Assorted Antiques.
  1420 | D:2      | 1420 ||| BUYING bubbling amethyst potion (22 gold).
  1420 | D:2      | Bought a bubbling amethyst potion for 22 gold pieces
  1420 | D:2      | 1420 ||| SHOPLISTING glowing cloak (187 gold, have 57).
  1420 | D:2      | 1420 ||| BUYING glowing red potion (22 gold).
  1420 | D:2      | Bought a glowing red potion for 22 gold pieces
  1420 | D:2      | 1420 ||| BUYING inky potion (22 gold).
  1420 | D:2      | Bought an inky potion for 22 gold pieces
  1420 | D:2      | 1420 ||| SHOPLISTING orange potion (22 gold, have 13).
  1420 | D:2      | 1420 ||| SHOPLISTING scroll labelled QUGIB XOANEJA (25
                  | gold, have 13).
  1531 | D:2      | 1531 ||| UPGRADING to +0 cloak.
  1536 | D:2      | 1536 ||| READING scroll labelled WEEPNUO YSMAE.
  1637 | D:2      | 1637 ||| READING scroll labelled QUGIB XOANEJA.
  1640 | D:2      | 1640 ||| DRINKING 3 bubbling amethyst potions.
  1688 | D:2      | 1688 ||| READING 2 scrolls of identify.
  1688 | D:2      | 1688 ||| IDENTIFYING pink potion
  1689 | D:2      | 1689 ||| DROPPING 2 potions of lignification.
  2053 | D:3      | Reached XP level 4. HP: 36/36 MP: 4/4
  2396 | D:3      | HP: 9/36 [orc priest/+0 falchion (6)]
  2397 | D:3      | 2397 ||| READING scroll of teleportation.
  2401 | D:3      | Reached skill level 5 in Ranged Weapons
  2637 | D:3      | 2637 ||| READING 2 scrolls labelled HUERONGUPN.
  2638 | D:3      | 2638 ||| DRINKING 2 smoky silvery potions.
  2639 | D:3      | 2639 ||| READING 4 scrolls of identify.
  2639 | D:3      | 2639 ||| IDENTIFYING fuming dark potion
  2640 | D:3      | 2640 ||| READING 3 scrolls of identify.
  2640 | D:3      | 2640 ||| IDENTIFYING green potion
  2641 | D:3      | 2641 ||| READING 2 scrolls of identify.
  2641 | D:3      | 2641 ||| IDENTIFYING glowing red potion
  2642 | D:3      | 2642 ||| DROPPING scroll of noise.
  2643 | D:3      | 2643 ||| DROPPING potion of berserk rage.
  2679 | D:4      | 2679 ||| PLANNING SEWER
  2703 | D:4      | Reached XP level 5. HP: 42/42 MP: 5/5
  3107 | D:4      | 3107 ||| Stepping ~*~*~tactically~*~*~ (outnumbered).
  3117 | D:4      | Reached skill level 3 in Fighting
  3118 | D:4      | 3118 ||| READING scroll labelled YMOEBLIBLO.
  3121 | D:4      | 3121 ||| FLEEEEING.
  3122 | D:4      | 3122 ||| FLEEEEING.
  3130 | D:4      | 3130 ||| FLEEEEING.
  3131 | D:4      | 3131 ||| FLEEEEING.
  3132 | D:4      | 3132 ||| FLEEEEING.
  3133 | D:4      | 3133 ||| FLEEEEING.
  3134 | D:4      | 3134 ||| FLEEEEING.
  3135 | D:4      | 3135 ||| FLEEEEING.
  3136 | D:4      | 3136 ||| FLEEEEING.
  3137 | D:4      | 3137 ||| FLEEEEING.
  3138 | D:4      | 3138 ||| FLEEEEING.
  3139 | D:4      | 3139 ||| FLEEEEING.
  3140 | D:4      | 3140 ||| FLEEEEING.
  3141 | D:4      | 3141 ||| FLEEEEING.
  3142 | D:4      | 3142 ||| FLEEEEING.
  3143 | D:4      | 3143 ||| FLEEEEING.
  3144 | D:4      | 3144 ||| FLEEEEING.
  3145 | D:4      | 3145 ||| FLEEEEING.
  3146 | D:4      | 3146 ||| FLEEEEING.
  3147 | D:4      | 3147 ||| FLEEEEING.
  3148 | D:4      | 3148 ||| FLEEEEING.
  3149 | D:4      | 3149 ||| FLEEEEING.
  3150 | D:4      | 3150 ||| FLEEEEING.
  3151 | D:4      | 3151 ||| FLEEEEING.
  3152 | D:4      | 3152 ||| FLEEEEING.
  3153 | D:4      | 3153 ||| FLEEEEING.
  3154 | D:4      | 3154 ||| FLEEEEING.
  3155 | D:4      | 3155 ||| FLEEEEING.
  3156 | D:4      | 3156 ||| FLEEEEING.
  3157 | D:4      | 3157 ||| FLEEEEING.
  3158 | D:4      | 3158 ||| FLEEEEING.
  3159 | D:4      | 3159 ||| FLEEEEING.
  3160 | D:4      | 3160 ||| FLEEEEING.
  3161 | D:4      | 3161 ||| FLEEEEING.
  3162 | D:4      | 3162 ||| FLEEEEING.
  3163 | D:4      | 3163 ||| FLEEEEING.
  3164 | D:4      | 3164 ||| FLEEEEING.
  3165 | D:4      | 3165 ||| FLEEEEING.
  3166 | D:4      | 3166 ||| FLEEEEING.
  3167 | D:4      | 3167 ||| FLEEEEING.
  3168 | D:4      | 3168 ||| FLEEEEING.
  3169 | D:4      | 3169 ||| FLEEEEING.
  3170 | D:4      | 3170 ||| FLEEEEING.
  3171 | D:4      | 3171 ||| FLEEEEING.
  3172 | D:4      | 3172 ||| FLEEEEING.
  3173 | D:4      | 3173 ||| FLEEEEING.
  3174 | D:4      | 3174 ||| FLEEEEING.
  3175 | D:4      | 3175 ||| FLEEEEING.
  3176 | D:4      | 3176 ||| FLEEEEING.
  3177 | D:4      | 3177 ||| FLEEEEING.
  3178 | D:4      | 3178 ||| FLEEEEING.
  3179 | D:4      | 3179 ||| FLEEEEING.
  3180 | D:4      | 3180 ||| FLEEEEING.
  3181 | D:4      | 3181 ||| FLEEEEING.
  3182 | D:4      | 3182 ||| FLEEEEING.
  3183 | D:4      | 3183 ||| FLEEEEING.
  3184 | D:4      | 3184 ||| FLEEEEING.
  3185 | D:4      | 3185 ||| FLEEEEING.
  3186 | D:4      | 3186 ||| FLEEEEING.
  3187 | D:4      | 3187 ||| STAIRDANCE
  3232 | D:3      | 3232 ||| READING scroll labelled FACVENEUXOA.
  3309 | D:3      | 3309 ||| READING scroll labelled POTY LURRUMENT.
  3311 | D:4      | 3311 ||| RIP SEWER
  3312 | D:4      | 3312 ||| PLANNING D:1-11
  3312 | D:4      | 3312 ||| STAIRDANCE
  3320 | D:3      | HP: 3/45 [gnoll/+0 flail (9)]
  3615 | D:4      | 3615 ||| Stepping ~*~*~tactically~*~*~ (water).
  3942 | D:4      | 3942 ||| READING scroll labelled BITRAD GOCIVA.
  3943 | D:4      | 3943 ||| READING scroll labelled SOINUM VOUGAVU.
  3957 | D:5      | Entered Level 5 of the Dungeon
  3972 | D:5      | HP: 9/45 [iguana (3)]
  3977 | D:5      | Reached skill level 6 in Ranged Weapons
  4159 | D:5      | Reached XP level 6. HP: 34/51 MP: 6/6
  4171 | D:5      | HP: 9/51 [hound (5)]
  4172 | D:5      | HP: 3/52 [hound (5)]
  4175 | D:5      | HP: 1/52 [gnoll/+0 whip (3)]
  4180 | D:5      | Slain by a phantom

Levels and vault maps discovered:
D:1:      minmay_arrival_hallway, layout_loops_corners,
          dreamdust_ecumenical_altar_angels_and_demons
D:2:      layout_basic, basic_altar, serial_shops,
          nicolae_shop_tiny_real_fake_doors, uniq_jessica
D:3:      layout_basic, minmay_starry_boxes
D:4:      layout_loops_ring, gup_sewer_entry_bubbles, hangedman_glass_teeth,
          minmay_goblin_outpost
D:5:      layout_rooms, minivault_5

Skill      XL: |  1  2  3  4  5  6 |
---------------+-------------------+-----
Ranged Weapons | 3 4 5 6 |  6.4
Fighting       | 2 3 4 |  4.0
Armour         | 1 |  1.0
Dodging        | |  2.1
Spellcasting   | |  1.0
Hexes          | |  2.0

Action                     |  1- 3 |  4- 6 || total
---------------------------+-------+-------++-------
   Fire: Sling             |   120 |   204 ||   324
    Use: Scroll            |     5 |    10 ||    15
         Potion            |     1 |     1 ||     2
 Armour: Robe              |     3 |       ||     3
         Ring mail         |    11 |    47 ||    58
  Dodge: Dodged            |    23 |    82 ||   105

Table legend:
 A = Non-vault XP
 B = Vault XP
 C = Vault XP percentage of total XP
 D = Non-vault monster count
 E = Vault monster count
 F = Vault count percentage of total count
                 A         B        C        D         E       F
            +---------+---------+-------+---------+---------+-------
      Total |     397 |      97 |  19.6 |      60 |      23 |  27.7
            +---------+---------+-------+---------+---------+-------
        D:1 |      26 |       0 |   0.0 |      14 |       0 |   0.0
        D:2 |      15 |      37 |  71.2 |      10 |       1 |   9.1
        D:3 |     118 |       8 |   6.3 |      19 |       5 |  20.8
        D:4 |      56 |      52 |  48.1 |       9 |      17 |  65.4
        D:5 |     182 |       0 |   0.0 |       8 |       0 |   0.0
            +---------+---------+-------+---------+---------+-------
